 Dungeon Crawl Stone Soup version 0.14-a0-2017-g4a4604d (webtiles) character file.

2996 Gruud the Basher (level 9, 0/64 HPs)
             Began as a Djinni Fighter on Jan 19, 2014.
             Slain by an orc warrior
             ... wielding a -1,+0 orcish short sword
              (10 damage)
             ... on Level 7 of the Dungeon.
             The game lasted 00:42:18 (6081 turns).

Gruud the Basher (Djinni Fighter)                   Turns: 6081, Time: 00:42:18

HP   0/64        AC 13     Str 16      XL: 9   Next: 37%
MP   0/0         EV 11     Int 12      God:
Gold 313         SH 19     Dex 21      Spells:  0 memorised,  8 levels left

rFire  + + +     SeeInvis +     b - +0 blowgun
rCold  x . .     Clarity  .     q - +2 orc scale mail
rNeg   + + +     Conserve +     c - +0 shield
rPois  .         rCorr    +     E - +0 dwarf helmet
rElec  .         rRot     .     v - +0 cloak {rCorr, Cons}
SustAb + .       Spirit   .     (no gloves)
rMut   .         Warding  .     (boots unavailable)
Saprov . . .     Stasis   .     (no amulet)
MR     .....                    P - ring of the Komtur {SustAb rF+ Dex+3 SInv, unknown}
                                k - ring of invisibility

@: agile, flying, not resistant to hostile enchantments, unstealthy
A: fire immunity, cold vulnerability, life protection 3
a: Evoke Invisibility


You were on level 7 of the Dungeon.
You were not hungry.

You visited 2 branches of the dungeon, and saw 9 of its levels.
You also visited: Sewer.

You collected 313 gold pieces.

Inventory:

Hand weapons
 a - a +0,+0 morningstar
 b - a +0 blowgun (weapon)
 z - a +0,+0 flail
Missiles
 d - 39 poisoned needles (quivered)
 p - 12 tomahawks
Armour
 c - a +0 shield (worn)
 q - a +2 orcish scale mail (worn)
 v - a +0 cloak of preservation (worn)
 E - a +0 dwarven helmet (worn)
Magical devices
 H - a wand of polymorph (13)
Scrolls
 e - 3 scrolls of remove curse
 f - 2 scrolls of enchant weapon II
 g - a scroll of fog {unknown}
 n - 5 scrolls of teleportation
 s - a scroll of enchant weapon I {unknown}
 y - a scroll of magic mapping {unknown}
 B - a scroll of noise
 G - a scroll of curse armour {unknown}
 K - a scroll of immolation {unknown}
Jewellery
 k - a ring of invisibility (left hand)
 A - a +2 ring of intelligence
 P - the ring of the Komtur (right hand) {SustAb rF+ Dex+3 SInv, unknown}
   (You found it on level 7 of the Dungeon)

   [ring of sustain abilities]

   It affects your dexterity (+3).
   It protects you from fire.
   It enhances your eyesight.
Potions
 j - a potion of restore abilities
 l - 2 potions of curing {unknown}
 m - a potion of speed {unknown}
 o - 2 potions of lignification
 r - 4 potions of agility
 t - a potion of invisibility {unknown}
 u - a potion of flight {unknown}
 x - 2 potions of poison {unknown}
 C - a potion of cure mutation {unknown}
 F - a potion of brilliance {unknown}
 I - 2 potions of mutation {unknown}
 J - a potion of paralysis {unknown}
 L - a potion of might {unknown}
 M - 2 potions of berserk rage {unknown}
Books
 O - a book of Burglary

   Spells                             Type                      Level
   Apportation                        Translocation                1
   Swiftness                          Charms/Air                   2
   Passwall                           Transmutation/Earth          3
   Passage of Golubria                Translocation                4
   Lee's Rapid Deconstruction         Earth                        5
   Darkness                           Hexes                        7


   Skills:
 - Level 2.6 Fighting
 - Level 11.0 Maces & Flails
 * Level 8.2 Armour
 - Level 3.0 Shields


You had 8 spell levels left.
You didn't know any spells.

Dungeon Overview and Level Annotations

Branches:
Dungeon (8/16)             Temple (1/1) D:5
   Lair: D:8-11

Altars:
Cheibriados
Dithmengos
Elyvilon
Fedhas
Makhleb
Nemelex Xobeh
Okawaru
Sif Muna
Trog
Vehumet
Xom
Yredelemnul
Zin
the Shining One


Innate Abilities, Weirdness & Mutations

You are immune to all types of fire, even holy and hellish.
You are vulnerable to cold.
You need no food.
You have no legs.
You are immune to negative energy.


Message History

Aim: an orc warrior, wielding an orcish short sword and wearing an orcish chain mail You shoot a needle of sleeping.
The needle of sleeping hits the orc warrior.
The orc warrior resists.
You block the orc warrior's attack. The orc hits you with an orcish flail.
* * * LOW HITPOINT WARNING * * *
Firing (i - inventory. (,) - cycle):
D - a needle of sleeping (quivered)
Press: ? - help, Shift-Dir - straight line, f/p - orc warrior
Aim: an orc warrior, wielding an orcish short sword and wearing an orcish chain mail You shoot a needle of sleeping.
The needle of sleeping hits the orc warrior.
The orc warrior resists.
You block the orc warrior's attack. The orc hits you with an orcish flail.
* * * LOW HITPOINT WARNING * * *
Quiver which item? (- for none, * to show all) (? for menu, Esc to quit)
Okay, then.
Drink which item? (? for menu, Esc to quit)
You feel agile all of a sudden.
The orc warrior hits you with an orcish short sword!
You die...

########### #####
##############........... #....
............##..@o.......# #....
............##..o........# #....
............##.%.........####....
............##.............##....
............##...........# #....
.........................# #....
.............#...........# #....
............##...........# +....
............##.....>.....# #....


You could see an orc warrior and an orc.

Vanquished Creatures
  Grinder (D:4)
  A hill giant skeleton (D:7)
  2 sky beasts
  An orc warrior (D:6)
  Purgy (Sewer)
  3 ogres
  3 phantoms
  Blork the orc (D:6)
  A giant frog (D:6)
  A wight (D:7)
  4 killer bees
  A goliath beetle (D:5)
  3 crimson imps
  A black bear zombie (D:6)
  3 orc priests
  A centaur zombie (D:7)
  A quasit (D:7)
  5 orc wizards
  2 worker ants
  2 hounds
  3 iguanas
  9 adders
  7 gnolls
  2 green rats (D:5)
  3 inept item mimics
  3 worms
  4 giant geckos
  An ooze (D:4)
  22 orcs
  A giant cockroach (D:1)
  5 goblins
  4 hobgoblins
  12 jackals
  3 quokkas
  2 ball pythons
  11 bats
  2 giant newts
  A giant spore (D:7)
  14 kobolds
  11 rats
  2 ballistomycetes (D:7)
160 creatures vanquished.

Notes
Turn   | Place    | Note
--------------------------------------------------------------
     0 | D:1      | Gruud, the Djinni Fighter, began the quest for the Orb.
     0 | D:1      | Reached XP level 1. HP: 16/16 MP: 0/0
   527 | D:2      | Reached XP level 2. EP: 22/22
   655 | D:2      | Found a white marble altar of Elyvilon.
   655 | D:2      | Found a snail-covered altar of Cheibriados.
   779 | D:3      | Reached XP level 3. EP: 21/28
   973 | D:3      | Reached skill level 4 in Maces & Flails
  1084 | D:3      | Identified a +0 cloak of preservation (You found it on level 3 of the Dungeon)
  1442 | D:3      | Reached XP level 4. EP: 29/34
  1663 | D:3      | Reached skill level 5 in Maces & Flails
  1967 | D:3      | Reached XP level 5. EP: 31/40
  2223 | D:4      | Noticed a phantom
  2260 | D:4      | Killed a phantom
  2260 | D:4      | Reached skill level 6 in Maces & Flails
  2260 | D:4      | Reached XP level 6. EP: 38/47
  2328 | D:4      | Noticed an ogre
  2338 | D:4      | Killed an ogre
  2606 | D:4      | Noticed a phantom
  2655 | D:4      | Reached skill level 7 in Maces & Flails
  2665 | D:4      | Killed a phantom
  2779 | D:5      | Entered Level 5 of the Dungeon
  2829 | D:5      | Reached XP level 7. EP: 44/52
  3002 | D:5      | Reached skill level 8 in Maces & Flails
  3173 | D:5      | Found a glowing drain.
  3181 | Sewer    | Entered a sewer
  3243 | Sewer    | Noticed Purgy
  3293 | Sewer    | Killed Purgy
  3470 | D:5      | Found a staircase to the Ecumenical Temple.
  3501 | Temple   | Entered the Ecumenical Temple
  3648 | D:5      | Found a bloodstained altar of Trog.
  3727 | D:5      | Reached skill level 9 in Maces & Flails
  3751 | D:5      | Noticed Grinder
  3751 | D:5      | Paralysed by Grinder for 6 turns
  3761 | D:5      | Paralysed by Grinder for 5 turns
  3776 | D:4      | Killed Grinder
  3776 | D:4      | Reached XP level 8. EP: 32/59
  3890 | D:6      | Reached skill level 10 in Maces & Flails
  4390 | D:6      | Noticed Blork the orc
  4403 | D:6      | Killed Blork the orc
  4403 | D:6      | Reached skill level 5 in Armour
  5267 | D:6      | Reached XP level 9. EP: 64/64
  5292 | D:7      | Got a smoking jade ring
  5397 | D:7      | Reached skill level 11 in Maces & Flails
  5437 | D:7      | HP: 2/64 [wight/glowing great sword (10)]
  6081 | D:7      | Slain by an orc warrior

Action                   |  1- 3 |  4- 6 |  7- 9 || total
-------------------------+-------+-------+-------++-------
Melee: Mace              |   145 |       |       ||   145
       Flail             |       |   123 |       ||   123
       Morningstar       |       |    50 |   414 ||   464
 Fire: Blowgun           |       |       |    44 ||    44
Throw: Tomahawk          |       |    42 |    20 ||    62
Evoke: Wand              |       |       |     4 ||     4
  Use: Scroll            |     4 |     6 |     5 ||    15
       Potion            |     1 |       |     3 ||     4
